 Dungeon Crawl Stone Soup version 0.30.0-19-g36f170ea60 (webtiles) character file.

Game seed: 15868257910373655425

1121 McKennaii the Conjurer (level 7, -7/50 HPs)
             Began as a Demigod Conjurer on May 26, 2023.
             Shot with an arrow by a centaur (12 damage)
             ... on level 6 of the Dungeon.
             The game lasted 00:04:25 (5897 turns).

McKennaii the Conjurer (Demigod Conjurer)           Turns: 5897, Time: 00:04:26

Health: -7/50      AC:  3    Str:  8    XL:     7   Next: 88%
Magic:  17/19      EV: 12    Int: 28    God:
Gold:   288        SH:  0    Dex: 12    Spells: 10/17 levels left

rFire   . . .        x - staff of conjuration
rCold   . . .        (no shield)
rNeg    . . .        a - +0 robe
rPois   .            (no helmet)
rElec   .            y - scarf {shadows}
rCorr   .            (no gloves)
SInv    .            r - +0 pair of boots
Will    +....        v - amulet of magic regeneration
Stlth   ++           m - ring of willpower
HPRegen 0.28/turn    (no ring)
MPRegen 0.56/turn

%: no passive effects
@: no status effects
A: high MP 1, forlorn, divine attributes
a: no special abilities


You were on level 6 of the Dungeon.
You visited 1 branch of the dungeon, and saw 6 of its levels.

You collected 288 gold pieces.

Inventory:

Hand Weapons
 d - a +0 dagger of draining
Armour
 a - a +0 robe (worn)
 r - a +0 pair of boots (worn)
 y - a scarf of shadows (worn)
Magical Staves
 x - a staff of conjuration (weapon)
Jewellery
 m - a ring of willpower (left hand)
 v - an amulet of magic regeneration (around neck)
Wands
 l - a wand of flame (20)
Scrolls
 c - a scroll of enchant armour {unknown}
 f - 4 scrolls of identify {unknown}
 g - 2 scrolls of brand weapon {unknown}
 j - a scroll of immolation {unknown}
 q - a scroll of amnesia {unknown}
 s - a scroll of fog {unknown}
 u - a scroll of enchant weapon {unknown}
 w - a scroll of silence {unknown}
 z - a scroll of vulnerability {unknown}
Potions
 b - 2 potions of magic
 e - 3 potions of ambrosia {unknown}
 h - 2 potions of brilliance {unknown}
 i - 5 potions of curing {unknown}
 k - 3 potions of degeneration {unknown}
 n - 4 potions of haste {unknown}
 o - a potion of mutation {unknown}
 p - 2 potions of might
 t - a potion of cancellation {unknown}


   Skills:
 - Level 1.7 Dodging
 - Level 1.7 Stealth
 + Level 5.9 Spellcasting
 + Level 7.2 Conjurations


You had 10 spell levels left.
You knew the following spells:

 Your Spells              Type           Power      Damage    Failure   Level
a - Magic Dart            Conj           100%       1d8       1%          1
b - Searing Ray           Conj           100%       2d8       1%          2
c - Iskenderun's Mystic   Conj/Tloc      42%        2d10      14%         4

Your spell library contained the following spells:

 Spells                   Type           Power      Damage    Failure   Level
 Dazzling Flash           Conj/Hex       84%        N/A       4%          3
 Hailstorm                Conj/Ice       42%        3d10      4%          3
 Necrotise                Necr           32%        1d5       6%          1
 Fulminant Prism          Conj/Hex       21%        3d12      14%         4
 Gell's Gravitas          Tloc           8%         N/A       19%         3
 Teleport Other           Tloc           8%         N/A       19%         3
 Vampiric Draining        Necr           8%         2d6       19%         3
 Ice Form                 Ice/Tmut       8%         N/A       52%         4
 Agony                    Necr           8%         N/A       86%         5
 Dispersal                Tloc           4%         N/A       100%        6
 Simulacrum               Ice/Necr       4%         N/A       100%        6


Dungeon Overview and Level Annotations

Branches:
Dungeon (6/15)
 Temple: D:4-7

Shops:
D:2 (


Innate Abilities, Weirdness & Mutations

You have an increased reservoir of magic. (+10% MP)
You shall have no god before yourself.
Your divine heritage dramatically boosts your attributes as you level up.


Message History

y - a scarf of shadows You start putting on your armour.
You continue putting on your scarf of shadows. x2
Magic restored.
You continue putting on your scarf of shadows. x2
You finish putting on your scarf of shadows.
It gets dark.
z - a scroll labelled NIBUDOXKUI A centaur comes into view.
You feel a surge of power!
The magic dart hits the centaur.
The centaur is moderately wounded.
The centaur shouts!
The centaur wields a +0 shortbow.
The centaur shoots an arrow.
The arrow hits you!
The centaur shoots an arrow.
The arrow hits you!
Found a book of Necromancy.
The centaur shoots an arrow.
The arrow hits you!
The centaur shoots an arrow.
The arrow misses you.
The centaur shoots an arrow.
The arrow hits you.
* * * LOW HITPOINT WARNING * * *
Casting: Magic Dart (safe; 1% risk of failure)
Confirm with . or Enter, or press ? or * to list all spells.
Aiming: Magic Dart (safe; 1% risk of failure)
Press: ? - help, Shift-Dir - straight line, f/p - centaur
Aim: a centaur, wielding a +0 shortbow (lightly wounded, 100% to hit)
You feel a surge of power!
The magic dart hits the centaur.
The centaur is moderately wounded.
The centaur shoots an arrow.
The arrow misses you.
The centaur shoots an arrow.
The arrow hits you!
* * * LOW HITPOINT WARNING * * *
Casting: Magic Dart (safe; 1% risk of failure)
Confirm with . or Enter, or press ? or * to list all spells.
Aiming: Searing Ray (safe; 1% risk of failure)
Press: ? - help, Shift-Dir - straight line, f/p - centaur
Aim: a centaur, wielding a +0 shortbow (moderately wounded, 90% to hit)
You feel a surge of power!
The searing ray hits the centaur!
The centaur is severely wounded. (Press . to maintain the ray.)
The centaur shoots an arrow.
The arrow hits you!
You die...

#...........<..#
#..............#
.######..............#
.....................#
##########...........#
######...........#
#................#
..................#
##.......@........
######...........
#........:..
.........c.......
.................
................
###............
#...........
#..........


You could see a centaur.

Vanquished Creatures
  Grinder (D:3)
  An ice beast (D:5)
  2 ogres
  2 phantoms (D:5)
  A gnoll sergeant (D:4)
  A scorpion (D:6)
  2 jellies
  2 hounds
  An iguana (D:5)
  10 adders
  8 gnolls
  4 worms
  2 dart slugs
  3 orcs
  8 bats
  9 endoplasms
  3 giant cockroaches
  6 goblins
  6 hobgoblins
  11 jackals
  4 quokkas
  4 ball pythons
  6 frilled lizards
  8 kobolds
  6 rats
111 creatures vanquished.

Notes
Turn   | Place    | Note
-------+----------+-------------------------------------------
     0 | D:1      | McKennaii the Demigod Conjurer began the quest for the Orb.
     0 | D:1      | Reached XP level 1. HP: 14/14 MP: 5/5
   277 | D:1      | Reached XP level 2. HP: 20/20 MP: 0/7
   524 | D:1      | Reached skill level 4 in Conjurations
   896 | D:1      | Reached XP level 3. HP: 26/26 MP: 2/9
  1124 | D:1      | Learned a level 2 spell: Searing Ray
  1680 | D:2      | Reached XP level 4. HP: 32/33 MP: 3/11
  1685 | D:2      | Learned a level 4 spell: Iskenderun's Mystic Blast
  1814 | D:2      | Found Baopp's Antique Weapon Shoppe.
  2764 | D:3      | Noticed Grinder
  2765 | D:3      | Paralysed by Grinder for 5 turns
  3143 | D:3      | Killed Grinder
  3144 | D:3      | Reached skill level 5 in Conjurations
  3144 | D:3      | Reached XP level 5. HP: 38/38 MP: 1/14
  3144 | D:3      | Reached XP level 6. HP: 45/45 MP: 1/15
  4275 | D:4      | Reached skill level 6 in Conjurations
  5038 | D:5      | Entered Level 5 of the Dungeon
  5045 | D:4      | Reached skill level 5 in Spellcasting
  5045 | D:4      | Reached XP level 7. HP: 50/50 MP: 11/17
  5360 | D:5      | Reached skill level 7 in Conjurations
  5897 | D:6      | Shot with an arrow by a centaur

Illustrated notes

Levels and vault maps discovered:
D:1:      tekkud_arrival_beachfront_property, layout_loops_ring
D:2:      layout_rooms, serial_shops, nicolae_shop_back_alley_shop,
          serial_co_window_serial, co_window_of_opportunity_a,
          co_window_paths_a, co_window_corner_a, co_window_paths_a,
          co_window_paths_b, co_window_paths_a, co_window_of_opportunity_a,
          co_window_broadway_b, co_window_broadway_b, co_window_2corner,
          co_window_corner_b, glass_columns_b, glass_columns_c, glass_columns_a,
          glass_columns_a, glass_columns_a
D:3:      wad_crossroads, layout_basic,
          mainiacjoe_overflow_concentric_impassable, uniq_grinder
D:4:      layout_loops_corners, nicolae_grassy_gnolls
D:5:      layout_gridville, mainiacjoe_overflow_surrounded_room
D:6:      layout_gridville, minmay_temple_entry_mini_moons, serial_undead,
          serial_undead_b, serial_undead_a, serial_undead_d, serial_undead_f,
          chequers_jeans, minmay_misc_feat_square

Skill      XL: |  1  2  3  4  5  6  7 |
---------------+----------------------+-----
Spellcasting   | 2 3 4 5 |  5.9
Conjurations   | 4 5 6 7 |  7.2
Dodging        | |  1.7
Stealth        | |  1.7

Action                     |  1- 3 |  4- 6 |  7- 9 || total
---------------------------+-------+-------+-------++-------
  Melee: Unarmed           |    20 |       |       ||    20
         Dagger            |    10 |     1 |       ||    11
   Cast: Magic Dart        |    98 |   115 |    25 ||   238
         Searing Ray       |       |    10 |    13 ||    23
 Armour: Robe              |    13 |     3 |     3 ||    19
  Dodge: Dodged            |    50 |    18 |    10 ||    78
